 Dungeon Crawl Stone Soup version 0.24.0-123-gd5b16e6ec5 (webtiles) character file.

Game seed: 4632574400905989312, levelgen mode: deterministic

88 Descartes the Magician (level 4, -5/24 HPs)
             Began as a Deep Elf Wizard on Jan 26, 2020.
             Slain by a water moccasin (8 damage)
             ... on level 3 of the Dungeon.
             The game lasted 00:07:27 (3115 turns).

Descartes the Magician (Deep Elf Wizard)            Turns: 3115, Time: 00:07:28

Health: -5/24      AC:  4    Str:  4    XL:     4   Next: 29%
Magic:  5/13       EV: 13    Int: 24    God:
Gold:   122        SH:  0    Dex: 13    Spells: 10/13 levels left

rFire    . . .     SeeInvis .   y - +3 quarterstaff (chaos)
rCold    . . .     Gourm    .   (shield currently unavailable)
rNeg     . . .     Faith    .   a - +0 robe
rPois    .         Spirit   .   b - +0 hat
rElec    .         Reflect  .   A - +1 cloak
rCorr    .         Harm     .   (no gloves)
MR       .....                  (no boots)
Stlth    ++........             (no amulet)
HPRegen  0.08/turn              e - ring of flight
MPRegen  0.13/turn              (no ring)

@: lethally poisoned (-5 -> -35)
A: no striking features
a: Evoke Flight


You were on level 3 of the Dungeon.
You were not hungry.

You visited 1 branch of the dungeon, and saw 3 of its levels.

You collected 122 gold pieces.

Inventory:

Hand Weapons
 q - a +0 dagger
 y - a +3 quarterstaff of chaos (weapon)
Missiles
 c - 34 stones (quivered)
 i - 32 sling bullets
 n - 13 poisoned darts
 x - 26 arrows
Armour
 a - a +0 robe (worn)
 b - a +0 hat (worn)
 A - a +1 cloak (worn)
Jewellery
 e - a ring of flight (left hand)
Wands
 w - a wand of digging (2)
Scrolls
 t - a scroll of teleportation {unknown}
 u - a scroll of identify {unknown}
Potions
 g - a potion of lignification {unknown}
 h - a potion of heal wounds {unknown}
 l - a potion of agility {unknown}
 o - 2 potions of berserk rage {unknown}
 r - a potion of ambrosia {unknown}
 s - a potion of curing {unknown}
 v - a potion of degeneration {unknown}
Comestibles
 d - 5 rations
 z - a chunk of flesh


   Skills:
 + Level 0.0 Staves
 + Level 3.1 Dodging
 + Level 3.2 Stealth
 * Level 5.3 Spellcasting
 * Level 2.7 Conjurations
   Level 1.1 Summonings
 * Level 1.5 Translocations


You had 10 spell levels left.
You knew the following spells:

 Your Spells              Type           Power        Failure   Level  Hunger
a - Magic Dart            Conj           ###.         2%          1    None
b - Blink                 Tloc           N/A          7%          2    None

Your spell library contained the following spells:

 Spells                   Type           Power        Failure   Level  Hunger
 Call Imp                 Summ           ##......     9%          2    None
 Slow                     Hex            #.......     13%         2    None
 Conjure Flame            Conj/Fire      ##......     14%         3    ##.....
 Mephitic Cloud           Conj/Pois/Air  ##......     19%         3    ##.....


Dungeon Overview and Level Annotations

Branches:
Dungeon (3/15)

Altars:


Message History

The water moccasin is heavily wounded.
The water moccasin bites you.
You are lethally poisoned!
The water moccasin poisons you! The water moccasin bites you.
* * * LOW HITPOINT WARNING * * *
You are more poisoned.
The water moccasin poisons you!
Casting: Magic Dart (safe; 2% risk of failure)
Confirm with . or Enter, or press ? or * to list all spells.
Aiming: Magic Dart (safe; 2% risk of failure)
Press: ? - help, Shift-Dir - straight line, f/p - water moccasin
Aim: a water moccasin (heavily wounded)
The magic dart hits the water moccasin.
The water moccasin is heavily wounded.
* * * LOW HITPOINT WARNING * * *
You feel very sick. The water moccasin barely misses you.
* * * LOW HITPOINT WARNING * * *
You feel sick. The water moccasin bites you!
You die...

,* *,,** #..#**####....,,,, ,*
**,*,** #..# #......,,,,, **
**,,**,######..####.##..#*,,**
****,*,,,,..........##.##..#*,,,,
,,,,,,,,*,*****#..#.#§§.#..#*,**,
******,*,** #....§§§§.$.#*,**, *
**,,,** ##.#.#<§§#.##*,**, *
*,***,########S#..§§§.....*,,, *
*,* *,.......@.#§##§##§#.#**,,
*,***,##########.#*.#......,,, *
**,,,** #S.,...####.#** ** *****
#.#*...**,,...* ,*
#.#*...*,,,,.., ,*
*,,,...#,,,,,,, ,*
****,,,,,,,_,,, ,* *,*,*,,,,,,,
,* *,*,*,,,,,,,


You could see a water moccasin.

Vanquished Creatures
  Crazy Yiuf (D:2)
  3 worms (D:2)
  4 dart slugs
  2 leopard geckos (D:2)
  4 goblins
  6 hobgoblins
  3 jackals (D:1)
  2 quokkas (D:2)
  A ball python (D:1)
  4 bats
  3 frilled lizards (D:1)
  5 kobolds
  7 rats
45 creatures vanquished.

Notes
Turn   | Place    | Note
-------+----------+-------------------------------------------
     0 | D:1      | Descartes the Deep Elf Wizard began the quest for the Orb.
     0 | D:1      | Reached XP level 1. HP: 10/10 MP: 7/7
   622 | D:1      | Reached XP level 2. HP: 9/15 MP: 0/9
  1399 | D:1      | Reached XP level 3. HP: 19/19 MP: 8/11
  1756 | D:2      | Reached skill level 5 in Spellcasting
  2504 | D:2      | Found a runed translucent door.
  2505 | D:2      | Noticed Crazy Yiuf
  2642 | D:2      | Learned a level 2 spell: Blink
  2909 | D:2      | Killed Crazy Yiuf
  2909 | D:2      | Reached XP level 4. HP: 14/24 MP: 0/13
  3099 | D:3      | Noticed a water moccasin
  3115 | D:3      | Slain by a water moccasin

Levels and vault maps discovered:
D:1:      shiori_shiawase, layout_basic
D:2:      layout_loops_ring, first_ration, kennysheep_generic_room_16,
          uniq_crazy_yiuf_cottage
D:3:      layout_loops_ring, old_standard_altar, led_sif_pool,
          cheibrodos_sewer_entry_bend, uniq_jessica

Skill      XL: |  1  2  3 |
---------------+----------+-----
Conjurations   | 2 |  2.7
Stealth        | 3 |  3.2
Spellcasting   | 5 |  5.3
Dodging        | 3 |  3.1
Summonings     | |  1.1
Translocations | |  1.5

Action                   |  1- 3 |  4- 6 || total
-------------------------+-------+-------++-------
Melee: Unarmed           |     8 |       ||     8
 Cast: Magic Dart        |   152 |     7 ||   159
       Blink             |     2 |     2 ||     4
  Use: Scroll            |       |     5 ||     5
  Eat: Chunk             |     6 |       ||     6
Armor: Robe              |     7 |     2 ||     9
Dodge: Dodged            |    35 |     1 ||    36
